Map: Néo-Gettysburg EC

Players

Alpha

  • Race: Protoss Protoss
  • League: Gold
  • Spawn Location: 5:00

zidar - Winner!

  • Race: Zerg Zerg
  • League: Platinum
  • Spawn Location: 7:00

VOD

Have the link to the VOD?

Description

Time

  • Played on: Nov. 3, 2016, 12:45 p.m.
  • Length: 11:35
Show
View Real Time Build Order
Export as new Build Order

Alpha Protoss 

Build Orders: Nexus First 

Get SALT Encoding   

  12  0:04  Probe (Chrono Boost)  
  13  0:21  Pylon  
  13  0:49  Nexus  
  13  1:02  Gateway  
  13  1:06  Probe (Chrono Boost)  
  14  1:16  Assimilator  
  14  1:18  Probe (Chrono Boost)  
  15  1:28  Probe (Chrono Boost)  
  16  1:36  Gateway  
  16  1:39  Probe (Chrono Boost)  
  17  1:47  Pylon  
  17  1:53  Zealot  
  19  1:57  Probe (Chrono Boost)  
  20  2:06  Pylon  
  20  2:11  Probe (Chrono Boost)  
  20  2:12  Probe (Chrono Boost)  
  22  2:21  Probe (Chrono Boost)  
  22  2:22  Probe (Chrono Boost)  
  24  2:40  Probe x2 (Chrono Boost)  
  24  2:41  Cybernetics Core  
  26  2:50  Probe (Chrono Boost)  
  27  2:52  Pylon  
  27  2:55  Zealot  
  29  3:04  Assimilator  
  29  3:05  Probe (Chrono Boost)  
  30  3:13  Probe (Chrono Boost)  
  30  3:16  Mothership Core (Chrono Boost)  
  33  3:20  Warp Gate (Chrono Boost)  
  33  3:24  Probe  
  34  3:27  Adept x2  
  38  3:40  Probe, Assimilator  
  38  3:43  Probe  
  40  3:54  Adept x2  
  44  4:01  Probe  
  46  4:02  Probe  
  46  4:08  Robotics Facility  
  46  4:12  Probe, Gateway  
  47  4:23  Adept x2, Probe  
  51  4:27  Probe  
  53  4:44  Stargate  
  53  4:46  Probe  
  53  4:48  Probe  
  53  4:50  Gateway  
  55  4:57  Probe  
  56  5:00  Probe  
  56  5:05  Robotics Bay  
  53  5:26  Stalker x2  
  53  5:27  Stalker  
  59  5:41  Probe  
  59  5:42  Twilight Council  
  59  5:43  Probe  
  59  5:45  Pylon  
  59  5:48  Pylon  
  59  5:49  Assimilator  
  61  5:52  Probe  
  62  6:02  Probe  
  62  6:03  Probe, Disruptor  
  66  6:07  Pylon  
  66  6:10  Pylon  
  67  6:15  Probe  
  67  6:16  Robotics Facility  
  68  6:18  Resonating Glaives (Chrono Boost)  
  68  6:24  Adept x2  
  68  6:25  Adept x2  
  76  6:32  Probe x2  
  78  6:40  Pylon  
  78  6:43  Disruptor  
  78  6:44  Probe  
  78  6:45  Pylon  
  82  7:03  Observer  
  82  7:06  Zealot x2  
  82  7:07  Zealot x2  
  91  7:19  Disruptor  
  91  7:22  Gateway  
  94  7:23  Gateway  
  94  7:25  Gateway x2  
  94  7:28  Gateway  
  94  7:32  Stalker  
  94  7:33  Stalker  
  98  7:45  Warp Prism  
  100  8:02  Extended Thermal Lance  
  100  8:41  Nexus  
  100  8:44  Pylon  
  100  8:47  Pylon  
  100  8:50  Pylon  
  100  8:54  Pylon  
  100  8:57  Adept, Pylon  
  100  9:00  Assimilator  
  100  9:01  Colossus  
  108  9:05  Assimilator  
  108  9:17  Stalker  
  108  9:18  Stalker x5  
  108  9:19  Stalker x3  
  126  9:24  Probe x2  
  128  9:36  Probe x2  
  130  9:48  Probe  
  131  9:59  Adept x3  
  101  10:00  Adept x6  
  113  10:30  Stalker x5  
  113  10:31  Stalker x3  
  100  10:56  Stalker x6  
  100  10:57  Stalker  
  72  11:22  Stalker  
  72  11:23  Stalker x5  
  72  11:24  Stalker  
Show
View Real Time Build Order
Export as new Build Order

zidar Zerg - Winner!

Build Orders: Hatch First 

Get SALT Encoding   

  12  0:01  Drone  
  13  0:13  Overlord  
  13  0:18  Drone  
  14  0:31  Drone x2  
  16  0:53  Hatchery  
  16  0:56  Drone  
  16  1:01  Extractor  
  16  1:03  Drone  
  16  1:21  Spawning Pool  
  16  1:24  Drone  
  16  1:31  Drone  
  17  1:34  Drone  
  18  1:49  Drone  
  19  2:07  Queen  
  19  2:08  Queen  
  21  2:10  Drone  
  21  2:11  Drone  
  25  2:17  Metabolic Boost  
  25  2:40  Baneling Nest  
  25  2:41  Zergling x6  
  25  2:42  Zergling x2  
  28  3:06  Overlord x3  
  33  3:27  Drone x8  
  33  3:30  Baneling x3  
  36  3:45  Lair  
  35  3:49  Extractor  
  34  4:03  Drone x8  
  42  4:14  Pneumatized Carapace  
  42  4:26  Hatchery  
  41  4:33  Drone x3  
  41  4:36  Zergling x2  
  41  4:37  Zergling x8  
  49  4:44  Centrifical Hooks  
  49  4:52  Evolution Chamber  
  48  4:54  Evolution Chamber  
  48  4:59  Baneling x4  
  45  5:28  Queen  
  47  5:41  Drone x5  
  47  5:42  Drone x2  
  54  5:43  Extractor x2  
  54  5:47  Drone x2  
  54  5:49  Zerg Ground Armor Level 1  
  54  5:50  Zerg Melee Weapons Level 1  
  54  6:11  Spore Crawler  
  54  6:16  Spore Crawler  
  52  6:19  Drone x3  
  52  6:21  Drone x2  
  52  6:24  Overlord  
  52  6:25  Overlord x4  
  57  6:35  Infestation Pit  
  56  6:44  Drone x6  
  62  6:49  Zergling x14  
  62  6:50  Zergling x4  
  62  6:53  Baneling x9  
  71  6:57  Drone x2  
  73  7:25  Drone x4  
  73  7:26  Drone x3  
  73  7:27  Drone  
  81  7:33  Hive  
  81  7:34  Spire  
  80  7:48  Extractor x2  
  80  7:49  Baneling x10  
  78  7:52  Zerg Melee Weapons Level 2  
  78  7:57  Zergling x12  
  78  7:58  Zergling x20  
  94  8:11  Drone x3  
  97  8:14  Overlord x3  
  97  8:16  Overseer  
  97  8:22  Baneling x6  
  97  8:33  Drone  
  98  8:35  Drone  
  99  8:57  Hatchery  
  99  8:58  Zerg Ground Armor Level 2  
  98  9:03  Greater Spire  
  98  9:08  Drone x2  
  98  9:09  Drone x2  
  102  9:18  Drone  
  103  9:27  Corruptor x2  
  103  9:28  Corruptor x4  
  103  9:29  Corruptor x2  
  119  9:36  Zergling x2  
  119  9:37  Zergling x2  
  121  9:40  Overlord x9  
  88  10:00  Zergling x4  
  88  10:01  Zergling x16  
  96  10:18  Brood Lord x5  
  103  10:23  Baneling  
  103  10:24  Baneling  
  103  10:25  Baneling x5  
  103  10:40  Extractor  
  103  10:42  Extractor  
  87  10:55  Zergling x2  
  87  10:56  Zergling x26  
Tags
 
Add a new tag
Caveats
  • Supply blocks, unpowered buildings, or Contaminate may cause inaccurate times.
  • Supply counts are checked every 10 seconds.